Map: Central Protocol

Players

pureTox

  • Race: Terran Terran

Fayt

  • Race: Terran Terran

gurke

  • Race: Protoss Protoss

CaveMan

  • Race: Protoss Protoss

VOD

Have the link to the VOD?

Description

Time

  • Played on: Nov. 11, 2015, 4:21 p.m.
  • Length: 14:23
Show
View Real Time Build Order
Export as new Build Order

pureTox Terran 

Build Orders:  

Get SALT Encoding   

  12  0:01  SCV  
  13  0:14  SCV  
  13  0:18  Supply Depot  
  14  0:26  SCV  
  15  0:40  SCV  
  16  0:44  Barracks  
  16  0:52  SCV  
  17  1:04  SCV  
  17  1:08  Refinery  
  18  1:11  Refinery  
  18  1:17  SCV  
  19  1:29  SCV  
  20  1:35  Supply Depot  
  20  1:43  Supply Depot  
  20  1:55  SCV  
  20  2:00  Reaper  
  22  2:09  Barracks  
  22  2:19  Barracks  
  22  2:30  Supply Depot  
  22  2:32  Reaper  
  23  2:46  SCV  
  25  3:00  Barracks Reactor  
  25  3:04  Reaper  
  25  3:08  Reaper  
  26  3:20  Factory  
  26  3:36  Reaper x3  
  26  3:40  Supply Depot  
  29  3:41  Barracks Tech Lab  
  29  4:07  Combat Shields, Marauder  
  29  4:09  Command Center  
  31  4:11  Factory Tech Lab  
  31  4:14  Reaper x2  
  29  4:44  Reaper  
  30  4:45  Marine  
  30  4:46  Marine  
  30  4:49  Siege Tank  
  35  5:00  Reaper  
  35  5:04  Reaper  
  37  5:11  SCV  
  35  5:32  Marauder  
  37  5:38  SCV  
  37  5:40  Siege Tank  
  41  5:45  Refinery  
  41  5:46  Reaper x2  
  41  5:49  Refinery  
  43  5:57  Concussive Shells  
  43  6:11  SCV  
  44  6:25  Engineering Bay, Marauder  
  46  6:27  Reaper  
  46  6:28  Reaper x2  
  49  6:40  SCV x2  
  51  6:50  Marauder  
  51  6:52  SCV  
  54  6:55  Terran Infantry Weapons Level 1  
  54  7:01  Starport  
  54  7:03  SCV  
  55  7:12  Barracks  
  55  7:16  Barracks  
  55  7:18  Siege Tank  
  55  7:20  Reaper x2  
  55  7:21  Marauder  
  62  7:23  Barracks Tech Lab  
  62  7:29  SCV  
  62  7:36  SCV  
  62  7:49  Supply Depot  
  62  7:51  Supply Depot  
  62  7:52  SCV  
  52  8:15  Marine  
  52  8:16  Marine x3  
  48  8:24  SCV  
  42  8:35  Stimpack  
  37  8:48  Marine x3  
  34  8:49  Marine  
  34  8:57  Marine x2  
  36  9:06  Marine x3  
  36  9:07  Missile Turret  
  39  9:15  Barracks Tech Lab  
  39  9:20  SCV x2  
  41  9:24  Missile Turret  
  41  9:32  SCV  
  41  9:33  SCV  
  41  9:35  Barracks Tech Lab  
  43  9:40  Starport Reactor  
  43  9:42  Terran Infantry Armor Level 1  
  43  9:49  Marauder  
  45  9:53  SCV  
  48  10:00  Marauder  
  48  10:14  Marauder  
  50  10:15  Marine x2  
  50  10:17  Marauder  
  54  10:25  SCV  
  55  10:42  Viking  
  55  10:43  Viking  
  55  10:48  SCV  
  60  10:55  SCV  
  61  11:00  SCV  
  62  11:05  Marauder  
  62  11:06  Marine x2  
  62  11:07  SCV  
  67  11:19  Missile Turret  
  67  11:20  SCV  
  67  11:22  SCV  
  69  11:30  Medivac  
  71  11:49  SCV  
  71  11:50  Missile Turret  
  71  11:52  Missile Turret  
  72  11:56  Medivac  
  72  12:00  Medivac  
  76  12:10  SCV  
  77  12:29  Supply Depot x2  
  77  12:39  Armory  
  77  12:47  Command Center  
  77  13:18  Starport  
  77  13:30  Marauder  
  77  13:31  Viking  
  77  13:32  Medivac  
Show
View Real Time Build Order
Export as new Build Order

Fayt Terran 

Build Orders:  

Get SALT Encoding   

  12  0:01  Probe (Chrono Boost)  
  13  0:14  Pylon  
  13  0:18  Probe (Chrono Boost)  
  15  0:28  Probe (Chrono Boost)  
  15  0:39  Probe (Chrono Boost)  
  16  0:44  Gateway  
  16  0:49  Probe (Chrono Boost)  
  17  0:53  Assimilator  
  17  1:00  Probe (Chrono Boost)  
  18  1:10  Probe (Chrono Boost)  
  19  1:21  Pylon  
  19  1:24  Probe (Chrono Boost)  
  20  1:26  Assimilator  
  20  1:34  Cybernetics Core  
  20  1:35  Probe (Chrono Boost)  
  20  1:38  Zealot  
  23  1:47  Probe (Chrono Boost)  
  24  1:56  Warp Gate  
  24  1:58  Gateway  
  24  2:03  Pylon  
  24  2:06  Probe (Chrono Boost)  
  25  2:13  Adept  
  27  2:40  Adept  
  30  2:53  Nexus  
  28  3:04  Probe (Chrono Boost)  
  29  3:08  Stalker  
  31  3:16  Probe (Chrono Boost)  
  34  3:35  Pylon  
  34  3:38  Pylon  
  33  4:10  Probe (Chrono Boost)  
  33  4:16  Stargate  
  33  4:17  Gateway  
  33  4:19  Gateway  
  33  4:22  Probe (Chrono Boost)  
  33  4:34  Probe (Chrono Boost)  
  33  4:35  Probe (Chrono Boost)  
  33  4:40  Assimilator  
  33  4:44  Assimilator  
  34  4:46  Probe x2 (Chrono Boost)  
  34  4:52  Pylon  
  33  4:53  Pylon  
  33  4:54  Pylon  
  33  4:55  Pylon  
  33  4:56  Probe (Chrono Boost)  
  33  4:58  Probe (Chrono Boost)  
  35  5:03  Stalker  
  38  5:07  Probe (Chrono Boost)  
  38  5:10  Probe (Chrono Boost)  
  38  5:12  Stalker  
  39  5:24  Stalker  
  39  5:25  Stalker  
  43  5:39  Stalker  
  43  5:40  Stalker  
  43  5:42  Oracle  
  47  5:48  Probe (Chrono Boost)  
  51  5:59  Stalker x2, Forge  
  55  6:18  Oracle  
  56  6:26  Protoss Ground Weapons Level 1  
  51  6:55  Stalker x3, Photon Cannon  
  51  6:56  Stalker  
  55  7:11  Probe (Chrono Boost), Pylon  
  56  7:19  Probe (Chrono Boost)  
  56  7:21  Probe (Chrono Boost)  
  59  7:31  Probe (Chrono Boost)  
  59  7:32  Probe (Chrono Boost)  
  59  7:34  Photon Cannon  
  60  7:41  Stalker x2  
  60  7:43  Probe x2 (Chrono Boost)  
  64  7:53  Probe (Chrono Boost)  
  64  7:55  Probe (Chrono Boost)  
  66  7:59  Stalker  
  66  8:00  Stalker, Pylon  
  66  8:04  Probe (Chrono Boost)  
  67  8:14  Probe (Chrono Boost)  
  67  8:16  Mothership Core (Chrono Boost)  
  66  8:20  Photon Cannon  
  65  8:30  Stalker x3  
  71  8:54  Probe (Chrono Boost)  
  71  8:55  Probe (Chrono Boost)  
  73  9:05  Probe (Chrono Boost)  
  73  9:06  Probe (Chrono Boost), Protoss Ground Armor Level 1  
  75  9:16  Stalker x4, Probe (Chrono Boost)  
  84  9:26  Probe (Chrono Boost)  
  85  9:37  Probe (Chrono Boost)  
  86  9:58  Stalker  
  86  9:59  Stalker x3  
  94  10:02  Nexus  
  94  10:09  Robotics Facility  
  94  10:11  Pylon  
  94  10:13  Twilight Council  
  94  10:15  Pylon  
  94  10:18  Pylon  
  94  10:43  Probe (Chrono Boost)  
  95  10:53  Probe (Chrono Boost)  
  96  10:59  Robotics Bay  
  97  11:04  Probe (Chrono Boost)  
  97  11:15  Probe (Chrono Boost)  
  98  11:25  Probe (Chrono Boost)  
  99  11:29  Pylon  
  99  11:32  Stalker x2  
  101  11:33  Stalker x2  
  101  11:34  Pylon, Protoss Ground Weapons Level 2 (Chrono Boost)  
  101  11:38  Extended Thermal Lance  
  101  11:39  Assimilator  
  107  11:40  Colossus  
  107  11:43  Assimilator  
  107  11:53  Pylon  
  113  12:01  Stalker x3  
  113  12:02  Stalker  
  121  12:11  Probe (Chrono Boost)  
  121  12:13  Probe (Chrono Boost)  
  123  12:17  Blink (Chrono Boost)  
  123  12:22  Probe  
  124  12:24  Probe  
  124  12:26  Colossus  
  125  12:32  Sentry x2, Pylon  
  125  12:33  Pylon  
  125  12:34  Pylon  
  125  12:36  Stalker  
  137  12:37  Pylon x2  
  137  12:52  Photon Cannon  
  137  12:56  Photon Cannon  
  137  12:59  Nexus  
  137  13:07  Pylon  
  137  13:11  Pylon  
  137  13:23  Stalker x2  
  137  13:24  Stalker x2  
  145  13:41  Gateway  
  145  13:43  Gateway  
  145  13:46  Gateway  
Show
View Real Time Build Order
Export as new Build Order

gurke Protoss 

Build Orders:  

Get SALT Encoding   

Show
View Real Time Build Order
Export as new Build Order

CaveMan Protoss 

Build Orders:  

Get SALT Encoding   

Tags
 
Add a new tag
Caveats
  • Supply blocks, unpowered buildings, or Contaminate may cause inaccurate times.
  • Supply counts are checked every 10 seconds.